 Dungeon Crawl Stone Soup version 0.25-b1-46-gb8a1ec05df (webtiles) character file.

Game seed: 5130895805597389230

336 nikku the Skirmisher (level 6, -1/51 HPs)
             Began as a Demonspawn Berserker on June 10, 2020.
             Was a Believer of Trog.
             Slain by Pikel
             ... wielding a +1 whip of electrocution
              (3 damage)
             ... on level 5 of the Dungeon.
             The game lasted 00:09:13 (3771 turns).

nikku the Skirmisher (Demonspawn Berserker)         Turns: 3771, Time: 00:09:14

Health: -1/51      AC: 11    Str: 20    XL:     6   Next: 28%
Magic:  6/6        EV: 15    Int:  8    God:    Trog [**....]
Gold:   276        SH:  0    Dex: 12    Spells: 5/5 levels left

rFire    . . .     SeeInvis .   a - +1 hand axe
rCold    . . .     Gourm    .   (no shield)
rNeg     . . .     Faith    +   f - +0 scale mail
rPois    .         Spirit   .   o - +1 helmet
rElec    .         Reflect  .   (no cloak)
rCorr    .         Harm     .   (no gloves)
MR       ++...                  n - +1 pair of boots
Stlth    ..........             g - amulet of faith
HPRegen  1.17/turn              (no ring)
MPRegen  0.10/turn              (no ring)

@: agile, berserk cooldown, regenerating (expiring), slowed, very slow
A: hooves 1, powered by pain 1
a: Berserk, Trog's Hand, Renounce Religion


You were on level 5 of the Dungeon.
You worshipped Trog.
Trog was pleased with you.
You were near starving.

You visited 1 branch of the dungeon, and saw 5 of its levels.

You collected 276 gold pieces.

Inventory:

Hand Weapons
 a - a +1 hand axe (weapon)
Missiles
 d - 13 poisoned darts (quivered)
 k - 9 javelins
Armour
 f - a +0 scale mail (worn)
 n - a +1 pair of boots (worn)
 o - a +1 helmet (worn)
Jewellery
 g - an amulet of faith (around neck)
 m - a cursed amulet of inaccuracy {unknown}
Wands
 h - a wand of digging (5)
 t - a wand of iceblast (9)
Scrolls
 b - a scroll of teleportation
 j - 3 scrolls of enchant weapon
 l - 2 scrolls of magic mapping
 s - 2 scrolls of identify
 u - a scroll of enchant armour
Potions
 e - a potion of mutation
 i - a potion of magic {unknown}
 p - a potion of curing
 r - a potion of flight {unknown}
Comestibles
 c - 4 rations


   Skills:
 * Level 5.0 Fighting
 * Level 4.5 Axes
 + Level 3.1 Armour
 - Level 1.7 Dodging


You had 5 spell levels left.
You didn't know any spells.
Your spell library was empty.

Dungeon Overview and Level Annotations

Branches:
Dungeon (5/15)
 Temple: D:4-7

Altars:
Ru

Annotations:
D:5 Pikel


Innate Abilities, Weirdness & Mutations

You have large cloven feet.
You sometimes gain a little power by taking damage.


Message History

Pikel is almost dead.
Pikel hits you but does no damage. x2; You are electrocuted!
* * * LOW HITPOINT WARNING * * *
You closely miss Pikel.
Pikel is almost dead.
Pikel hits you but does no damage. x2
You closely miss Pikel.
Pikel is almost dead.
Pikel hits you but does no damage.
You hit Pikel but do no damage.
Pikel is almost dead.
You feel the effects of Trog's Hand fading.
Pikel hits you with a +1 whip of electrocution.
* * * LOW HITPOINT WARNING * * *
You are electrocuted!
* * * LOW HITPOINT WARNING * * *
You focus on the pain.
You feel agile all of a sudden.
Pikel hits you with a +1 whip of electrocution.
You die...

... #####..
#######.....
...........#
#.........#
##.........#
...........#
.......@K..#
...............
...............
...............
...............
...............
...............
..........#....


You could see Pikel.

Vanquished Creatures
  4 slaves (D:5)
  A phantom (D:3)
  A scorpion (D:4)
  An orc priest (D:4)
  A bullfrog skeleton (D:4)
  Terence (D:3)
  An orc wizard (D:4)
  An adder (D:4)
  An adder skeleton (D:4)
  2 worms
  2 leopard geckos
  2 orcs (D:4)
  A ball python (D:3)
  5 giant cockroaches
  2 goblins
  7 hobgoblins
  9 jackals
  4 quokkas
  5 bats
  7 frilled lizards
  6 kobolds
  8 rats
72 creatures vanquished.

Notes
Turn   | Place    | Note
-------+----------+-------------------------------------------
     0 | D:1      | nikku the Demonspawn Berserker began the quest for the Orb.
     0 | D:1      | Reached XP level 1. HP: 18/18 MP: 1/1
   647 | D:1      | Gained mutation: You sometimes gain a little power by
                  | taking damage. [demonic ancestry]
   647 | D:1      | Reached XP level 2. HP: 24/24 MP: 2/2
  1483 | D:2      | Gained mutation: You have large cloven feet. [demonic
                  | ancestry]
  1483 | D:2      | Reached XP level 3. HP: 29/29 MP: 3/3
  1734 | D:2      | Reached ** piety under Trog
  2214 | D:2      | Found a sacrificial altar of Ru.
  2332 | D:3      | Noticed a phantom
  2451 | D:3      | Killed a phantom
  2451 | D:3      | Reached skill level 4 in Fighting
  2451 | D:3      | Reached XP level 4. HP: 22/37 MP: 4/4
  2451 | D:3      | Reached XP level 5. HP: 25/42 MP: 5/5
  2696 | D:3      | Noticed Terence
  2701 | D:3      | Killed Terence
  3314 | D:4      | Reached XP level 6. HP: 47/50 MP: 6/6
  3391 | D:4      | Reached skill level 5 in Fighting
  3741 | D:5      | Entered Level 5 of the Dungeon
  3741 | D:5      | Noticed Pikel
  3741 | D:5      | Noticed a slave
  3741 | D:5      | Noticed a slave
  3741 | D:5      | Noticed a slave
  3741 | D:5      | Noticed a slave
  3747 | D:5      | Killed a slave
  3753 | D:5      | Killed a slave
  3754 | D:5      | Killed a slave
  3756 | D:5      | Killed a slave
  3771 | D:5      | HP: 2/51 [Pikel/+1 whip of electrocution (13)]
  3771 | D:5      | Slain by Pikel

Illustrated notes

Levels and vault maps discovered:
D:1:      dpeg_arrival_simpleton_c, layout_loops_corners
D:2:      layout_loops_corners, nicolae_ru_the_path_less_chosen
D:3:      layout_rooms, uniq_terence
D:4:      layout_loops_ring
D:5:      layout_cave_pods, first_ration, nicolae_qazlal_general_emergency,
          uniq_pikel

Skill      XL: |  1  2  3  4  5  6 |
---------------+-------------------+-----
Axes           | 3 4 |  4.5
Armour         | 2 3 |  3.1
Fighting       | 4 5 |  5.0
Dodging        | |  1.7

Action                   |  1- 3 |  4- 6 || total
-------------------------+-------+-------++-------
Melee: Hand axe          |   164 |   113 ||   277
Throw: Dart              |     7 |       ||     7
Invok: Trog's Hand       |     4 |     4 ||     8
       Berserk           |       |     2 ||     2
  Use: Scroll            |     8 |     3 ||    11
  Eat: Chunk             |     4 |     5 ||     9
       Ration            |     1 |       ||     1
Armor: Scale mail        |    87 |    56 ||   143
Dodge: Dodged            |    94 |    54 ||   148
